 Dungeon Crawl Stone Soup version 0.27.1 (webtiles) character file.

Game seed: 7780013739059150468

177 cummra the Digger (level 5, -3/28 HPs)
             Began as a Gargoyle Earth Elementalist on Sept 2, 2021.
             Slain by an iguana (9 damage)
             ... on level 3 of the Dungeon.
             The game lasted 00:09:04 (3043 turns).

cummra the Digger (Gargoyle Earth Elementalist)     Turns: 3043, Time: 00:09:06

Health: -3/28      AC:  7    Str: 12    XL:     5   Next: 57%
Magic:  6/9        EV: 11    Int: 16    God:
Gold:   76         SH:  0    Dex: 10    Spells: 6/10 levels left

rFire    . . .     SeeInvis .   a - staff of earth
rCold    . . .     Faith    .   (no shield)
rNeg     + . .     Spirit   .   b - +0 robe
rPois    ∞         Reflect  .   (no helmet)
rElec    +         Harm     .   (no cloak)
rCorr    +         Rampage  .   (no gloves)
Will     .....                  i - +0 pair of boots
Stlth    ++........             (no amulet)
HPRegen  0.09/turn              e - ring of resist corrosion
MPRegen  0.11/turn              (no ring)

@: no status effects
A: sickness immunity, AC +4, negative energy resistance 1, electricity
resistance, torment resistance 1, petrification resistance
a: no special abilities


You were on level 3 of the Dungeon.
You visited 1 branch of the dungeon, and saw 3 of its levels.

You collected 76 gold pieces.

Inventory:

Missiles
 c - 18 stones
Armour
 b - a +0 robe (worn)
 i - a +0 pair of boots (worn)
Magical Staves
 a - a staff of earth (weapon)
Jewellery
 e - a ring of resist corrosion (left hand)
Wands
 h - a wand of iceblast (14)
Scrolls
 d - 2 scrolls of identify
 j - a scroll of torment {unknown}
 k - a scroll of teleportation {unknown}
Potions
 f - a potion of haste {unknown}
 g - a potion of heal wounds {unknown}


   Skills:
 - Level 1.5 Dodging
 - Level 2.1 Stealth
 + Level 3.2 Spellcasting
 + Level 1.3 Conjurations
 - Level 0.7 Transmutations
 + Level 5.1 Earth Magic
 + Level 2.2 Evocations


You had 6 spell levels left.
You knew the following spells:

 Your Spells              Type           Power      Damage    Failure   Level
a - Sandblast             Erth           56%        2d13      2%          1
b - Stone Arrow           Conj/Erth      38%        3d9       14%         3

Your spell library contained the following spells:

 Spells                   Type           Power      Damage    Failure   Level
 Passwall                 Tmut/Erth      14%        N/A       9%          2
 Magic Dart               Conj           28%        1d4       11%         1
 Animate Skeleton         Necr           4%         N/A       19%         1
 Apportation              Tloc           4%         N/A       19%         1
 Corona                   Hex            2%         N/A       19%         1
 Summon Small Mammal      Summ           8%         N/A       19%         1
 Call Imp                 Summ           2%         N/A       28%         2
 Mephitic Cloud           Conj/Pois/Air  4%         N/A       41%         3
 Petrify                  Tmut/Erth      17%        N/A       50%         4


Dungeon Overview and Level Annotations

Branches:
Dungeon (3/15)

Altars:
Okawaru
Uskayaw


Innate Abilities, Weirdness & Mutations

You are immune to sickness and miasma.
Your stone body is resilient. (AC +4)
You are immune to poison.
You resist negative energy. (rN+)
You are resistant to electric shocks. (rElec)
You are resistant to unholy torment.
You are immune to petrification.


Message History

An endoplasm comes into view.
An endoplasm is nearby!
Casting: Sandblast (safe; 2% risk of failure)
Confirm with . or Enter, or press ? or * to list all spells.
Aiming: Sandblast (safe; 2% risk of failure)
Press: ? - help, Shift-Dir - straight line, f - endoplasm
Aim: an endoplasm (asleep, 100% to hit)
You feel a surge of power!
The blast of sand hits the endoplasm!
You kill the endoplasm!
Found a club.
An iguana comes into view.
Casting: Sandblast (safe; 2% risk of failure)
Confirm with . or Enter, or press ? or * to list all spells.
Aiming: Sandblast (safe; 2% risk of failure)
Press: ? - help, Shift-Dir - straight line, f - iguana
Aim: an iguana (83% to hit)
You feel a surge of power!
The blast of sand hits the iguana but does no damage.
You barely miss the iguana. The iguana bites you!
You hit the iguana but do no damage. The iguana bites you.
The iguana misses you.
Casting: Sandblast (safe; 2% risk of failure)
Confirm with . or Enter, or press ? or * to list all spells.
Aiming: Sandblast (safe; 2% risk of failure)
Press: ? - help, Shift-Dir - straight line, f/p - iguana
Aim: an iguana (83% to hit)
You feel a surge of power!
The blast of sand hits the iguana.
The iguana is moderately wounded.
The iguana bites you!
* * * LOW HITPOINT WARNING * * *
Casting: Sandblast (safe; 2% risk of failure)
Confirm with . or Enter, or press ? or * to list all spells.
Aiming: Sandblast (safe; 2% risk of failure)
Press: ? - help, Shift-Dir - straight line, f/p - iguana
Aim: an iguana (moderately wounded, 83% to hit)
You feel a surge of power!
The blast of sand hits the iguana but does no damage.
The iguana is moderately wounded.
The iguana bites you!
You die...

*,* *,.,,,*#.##.#.####### *,**
**,,,,,..*#..## *,,*
*****###*#.## **,* #####.# *,*
#.....# **,** #.##### **,,,**
#.# #########
*,,,,,##########.#*###.......#
*,,,,,......l@...#*...<.......
*,,,,,############*,*#........
**,,,** *,*#........ *****
****####,*#.#...#..
*,,,.....##)##.##>.
*,****,#.......<...
*,*♣♣♣+♣♣♣♣.######.
*,+.......'.# ##
*,*.♣...♣.♣.### #


You could see an iguana.

Vanquished Creatures
  An ogre (D:3)
  A gnoll (D:1)
  2 adders (D:2)
  2 worms
  4 dart slugs
  8 bats
  7 endoplasms
  3 giant cockroaches
  7 goblins
  5 hobgoblins
  3 quokkas
  4 ball pythons (D:2)
  5 frilled lizards
  2 kobolds
  2 rats
56 creatures vanquished.

Notes
Turn   | Place    | Note
-------+----------+-------------------------------------------
     0 | D:1      | cummra the Gargoyle Earth Elementalist began the quest for
                  | the Orb.
     0 | D:1      | Reached XP level 1. HP: 10/10 MP: 3/3
   351 | D:1      | Reached XP level 2. HP: 15/15 MP: 5/5
   434 | D:1      | Reached skill level 4 in Earth Magic
   847 | D:1      | Reached skill level 1 in Evocations
   847 | D:1      | Reached XP level 3. HP: 7/19 MP: 3/6
  1208 | D:1      | Found a faded altar of an unknown god.
  1615 | D:2      | Reached XP level 4. HP: 14/24 MP: 5/8
  1782 | D:2      | Learned a level 3 spell: Stone Arrow
  2701 | D:3      | Found an iron altar of Okawaru.
  2701 | D:3      | Found a hide-covered altar of Uskayaw.
  2819 | D:3      | Noticed an ogre
  2824 | D:3      | Killed an ogre
  2825 | D:3      | Reached skill level 1 in Conjurations
  2825 | D:3      | Reached skill level 5 in Earth Magic
  2825 | D:3      | Reached XP level 5. HP: 28/28 MP: 5/9
  3043 | D:3      | Slain by an iguana

Illustrated notes

Levels and vault maps discovered:
D:1:      lemuel_arrival_behind_the_door_small, layout_basic,
          shapermc_ecumenical_altar_mp_urbaneastern, hex_large
D:2:      layout_loops_ring, ebering_dispersal_statue_hall,
          corexii_hall_statues_s
D:3:      layout_loops_cross, mainiacjoe_overflow_six_doors_small,
          mainiacjoe_overflow_divided_tiny

Skill      XL: |  1  2  3  4 |
---------------+-------------+-----
Earth Magic    | 4 5 |  5.1
Evocations     | 1 2 |  2.2
Spellcasting   | 3 |  3.2
Conjurations   | 1 |  1.3
Dodging        | |  1.5
Stealth        | |  2.1
Transmutations | |  0.7

Action                   |  1- 3 |  4- 6 || total
-------------------------+-------+-------++-------
Melee: Staff             |    65 |    49 ||   114
       Unarmed           |     2 |       ||     2
 Cast: Sandblast         |    24 |    25 ||    49
  Use: Scroll            |     1 |     2 ||     3
 Stab: Sleeping          |     1 |     1 ||     2
Armor: Robe              |    39 |    32 ||    71
Dodge: Dodged            |    58 |    51 ||   109
